 Dungeon Crawl Stone Soup version 0.23.2-30-g0e89c35649 (webtiles) character file.

Game seed: 1889642575583950163

116 Brecoman the Skirmisher (level 4, -9/41 HPs)
             Began as a Draconian Monk on June 11, 2019.
             Mangled by an orc warrior
             ... wielding a +0 morningstar
              (19 damage)
             ... on level 3 of the Dungeon.
             The game lasted 00:05:37 (2368 turns).

Brecoman the Skirmisher (Draconian Monk)            Turns: 2368, Time: 00:05:38

Health: -9/41      AC:  9    Str: 15    XL:     4   Next: 69%
Magic:  4/4        EV: 14    Int: 10    God:
Gold:   191        SH:  0    Dex: 13    Spells: 3/3 levels left

rFire    . . .     SeeInvis .   a - +0 falchion
rCold    . . .     Gourm    .   (no shield)
rNeg     . . .     Faith    .   (armour unavailable)
rPois    .         Spirit   .   (helmet restricted)
rElec    .         Reflect  .   (no cloak)
rCorr    .         Harm     .   k - +0 pair of gloves
MR       .....                  c - +2 pair of boots
Stlth    ++........             (no amulet)
HPRegen  0.13/turn              (no ring)
MPRegen  0.09/turn              (no ring)

@: no status effects
A: unfitting armour, cold-blooded, AC +5
a: no special abilities


You were on level 3 of the Dungeon.
You were not hungry.

You visited 1 branch of the dungeon, and saw 3 of its levels.

You collected 191 gold pieces.

Inventory:

Hand Weapons
 a - a +0 falchion (weapon)
Missiles
 h - 46 stones (quivered)
Armour
 c - a +2 pair of boots (worn)
 k - a +0 pair of gloves (worn)
Jewellery
 o - a +1 ring of protection {unknown}
Scrolls
 d - a scroll of magic mapping {unknown}
 f - 3 scrolls of identify {unknown}
 g - a scroll of enchant weapon {unknown}
 i - 3 scrolls of remove curse {unknown}
 l - 2 scrolls of enchant armour {unknown}
 m - a scroll of fog {unknown}
 n - a scroll of blinking {unknown}
 s - 2 scrolls of teleportation {unknown}
Potions
 e - a potion of resistance {unknown}
 j - 2 potions of brilliance {unknown}
 q - a potion of lignification {unknown}
 r - a potion of haste {unknown}
Comestibles
 b - 6 rations
 p - 6 chunks of flesh


   Skills:
 * Level 4.5 Fighting
 + Level 3.6 Long Blades
 * Level 3.8 Dodging
 - Level 1.7 Stealth


You had 3 spell levels left.
You didn't know any spells.
Your spell library was empty.

Dungeon Overview and Level Annotations

Branches:
Dungeon (3/15)

Altars:
Sif Muna


Innate Abilities, Weirdness & Mutations

Your plain brown scales are hard. (AC +5)
You cannot fit into any form of body armour.
You are cold-blooded and may be slowed by cold attacks.


Message History

Found a short sword.
There is an open door, spattered with blood here.
Things that are here:
a +0 spear; 24 stones; 17 gold pieces The gnoll misses you.
The gnoll completely misses you. The gnoll closely misses you.
The gnoll barely misses you. The gnoll hits you but does no damage.
The orc warrior hits you with a +0 morningstar.
* * * LOW HITPOINT WARNING * * *
The orc barely misses you.
You riposte.
You hear a shout!
You hit the orc but do no damage.
You tail-slap the orc, but do no damage.
The orc is heavily wounded.
The gnoll misses you. x2; The orc hits you but does no damage.
You hit the orc.
Your tail-slap misses the orc.
The orc is heavily wounded.
The orc warrior hits you with a +0 morningstar!!
You die...

...##o########.....#.##.#
####<#.
...##.o.....##.......##(#
###.
...########.#<........#.#
#... o### #.#.#####.....#
###.## o# #.#..#
###...####..... .###
##)##.#######..#....##.#
...#
#.......##.....#.#..##.#
##.###
#.....o.##.##..#.#.รท....
...o.#
#.....o@##..[.>..#.###..
##.#.#
#....go.#####.##...# ##
...#.# #....g..# #.##.###
..{#.# #.......# #.##.#
.#.#o#####...)...# #.##.#
........##.......# #.(...
...#....########## ####.#
####....# #[# #....# #.#


You could see an orc warrior, 2 gnolls and 2 orcs.

Vanquished Creatures
  A gnoll (D:3)
  4 adders
  An ooze (D:2)
  2 worms (D:2)
  3 dart slugs (D:1)
  3 leopard geckos
  An orc (D:3)
  3 ball pythons
  6 goblins
  4 hobgoblins
  9 kobolds
  4 bats
  4 frilled lizards (D:1)
  10 rats
55 creatures vanquished.

Vanquished Creatures (others)
  5 toadstools (D:2)
5 creatures vanquished.

Grand Total: 60 creatures vanquished

Notes
Turn   | Place    | Note
-------+----------+-------------------------------------------
     0 | D:1      | Brecoman the Draconian Monk began the quest for the Orb.
     0 | D:1      | Reached XP level 1. HP: 19/19 MP: 1/1
   240 | D:1      | Reached XP level 2. HP: 22/26 MP: 2/2
   640 | D:1      | Reached XP level 3. HP: 33/33 MP: 3/3
  1077 | D:2      | Reached skill level 4 in Fighting
  1444 | D:2      | Reached XP level 4. HP: 36/40 MP: 4/4
  2270 | D:3      | Found a deep blue altar of Sif Muna.
  2315 | D:3      | Noticed an orc warrior
  2368 | D:3      | Mangled by an orc warrior

Skill      XL: |  1  2  3 |
---------------+----------+-----
Dodging        | 3 |  3.8
Fighting       | 4 |  4.5
Long Blades    | |  3.6
Stealth        | |  1.7

Action                   |  1- 3 |  4- 6 || total
-------------------------+-------+-------++-------
Melee: Falchion          |   110 |    56 ||   166
       Tailslap          |     9 |    10 ||    19
 Stab: Sleeping          |     4 |     5 ||     9
  Eat: Chunk             |     1 |     4 ||     5
Armor: Skin              |    37 |    23 ||    60
Dodge: Dodged            |    80 |    38 ||   118
       Rpst.: Falchion   |    21 |     8 ||    29
